Map: Cactus Valley LE (Void)

Players

Fropez

  • Race: Protoss Protoss
  • League: Platinum
  • Spawn Location: 5:00

monkeylard - Winner!

  • Race: Zerg Zerg
  • Spawn Location: 1:00

VOD

Have the link to the VOD?

Description

Time

  • Played on: Jan. 25, 2017, 7:47 p.m.
  • Length: 12:24
Show
View Real Time Build Order
Export as new Build Order

Fropez Protoss 

Build Orders: 1 Gate Expand 

Get SALT Encoding   

  12  0:01  Probe (Chrono Boost)  
  13  0:11  Probe (Chrono Boost)  
  14  0:20  Pylon  
  14  0:26  Probe (Chrono Boost)  
  15  0:38  Probe (Chrono Boost)  
  15  0:40  Gateway  
  16  0:50  Probe (Chrono Boost)  
  17  1:01  Probe (Chrono Boost)  
  19  1:11  Probe (Chrono Boost)  
  19  1:21  Nexus  
  19  1:25  Probe (Chrono Boost)  
  20  1:33  Cybernetics Core  
  20  1:36  Probe (Chrono Boost)  
  21  1:46  Pylon  
  21  1:47  Probe (Chrono Boost)  
  21  1:52  Assimilator  
  22  1:58  Probe (Chrono Boost)  
  23  2:10  Gateway  
  23  2:18  Probe (Chrono Boost), Assimilator  
  24  2:30  Pylon  
  24  2:33  Probe (Chrono Boost)  
  24  2:35  Probe (Chrono Boost), Assimilator  
  26  2:40  Warp Gate  
  26  2:43  Probe (Chrono Boost)  
  27  2:46  Probe (Chrono Boost)  
  28  2:54  Probe (Chrono Boost)  
  28  2:57  Adept  
  31  3:03  Zealot  
  30  3:19  Probe (Chrono Boost)  
  28  3:26  Mothership Core (Chrono Boost)  
  26  3:35  Probe (Chrono Boost)  
  26  3:38  Adept x2  
  31  3:46  Probe x2 (Chrono Boost)  
  33  3:56  Probe (Chrono Boost)  
  33  3:58  Probe (Chrono Boost)  
  33  4:01  Twilight Council  
  35  4:03  Assimilator  
  35  4:04  Pylon  
  35  4:07  Probe (Chrono Boost)  
  37  4:10  Probe (Chrono Boost)  
  37  4:15  Pylon  
  37  4:17  Probe (Chrono Boost)  
  37  4:22  Pylon, Probe (Chrono Boost)  
  39  4:28  Pylon, Probe (Chrono Boost)  
  39  4:29  Resonating Glaives  
  40  4:39  Probe (Chrono Boost)  
  40  4:40  Probe (Chrono Boost)  
  40  4:45  Adept  
  44  4:47  Adept  
  46  5:12  Probe (Chrono Boost)  
  46  5:13  Adept  
  46  5:14  Adept, Probe (Chrono Boost)  
  48  5:21  Gateway  
  48  5:23  Probe (Chrono Boost), Gateway  
  48  5:25  Pylon  
  48  5:26  Probe (Chrono Boost)  
  46  5:34  Probe (Chrono Boost)  
  46  5:35  Pylon  
  45  5:38  Probe (Chrono Boost)  
  45  5:41  Stalker  
  45  5:42  Adept  
  50  5:44  Probe (Chrono Boost)  
  52  5:50  Probe (Chrono Boost)  
  52  6:05  Adept x2  
  56  6:13  Probe (Chrono Boost), Robotics Facility  
  56  6:15  Probe (Chrono Boost)  
  58  6:18  Gateway  
  58  6:22  Adept x2  
  62  6:26  Adept  
  64  6:37  Pylon  
  64  6:39  Pylon  
  64  6:49  Sentry  
  64  6:50  Stalker x3  
  62  7:22  Stalker x4  
  70  7:25  Pylon  
  70  7:27  Immortal  
  70  7:28  Gateway  
  74  7:41  Gateway  
  74  7:45  Pylon  
  74  7:50  Probe (Chrono Boost)  
  76  7:51  Probe (Chrono Boost)  
  76  8:00  Probe (Chrono Boost)  
  76  8:01  Immortal  
  75  8:11  Sentry x2  
  83  8:18  Stalker x2  
  79  8:43  Mothership Core (Chrono Boost)  
  79  8:47  Immortal  
  79  8:49  Adept x4  
  79  8:50  Adept  
  93  9:15  Pylon  
  93  9:17  Pylon, Probe (Chrono Boost)  
  93  9:20  Pylon  
  93  9:23  Pylon  
  94  9:30  Nexus  
  94  9:33  Assimilator  
  94  9:34  Probe (Chrono Boost)  
  94  9:35  Probe (Chrono Boost)  
  94  9:37  Adept x5  
  106  9:38  Assimilator  
  106  9:43  Pylon  
  102  9:47  Probe (Chrono Boost)  
  81  9:58  Stalker  
  81  9:59  Stalker x3  
  75  10:15  Gateway  
  75  10:17  Pylon, Immortal  
  75  10:18  Gateway  
  79  10:30  Probe (Chrono Boost)  
  79  10:32  Probe (Chrono Boost)  
  81  10:38  Stalker x5  
  76  10:49  Mothership Core (Chrono Boost)  
  68  10:52  Nexus  
  68  10:54  Pylon  
  58  11:11  Forge, Probe (Chrono Boost)  
  60  11:13  Probe (Chrono Boost), Forge  
  60  11:16  Assimilator  
  60  11:20  Assimilator  
  61  11:25  Probe (Chrono Boost)  
  61  11:27  Probe (Chrono Boost)  
  61  11:31  Nexus  
  62  11:33  Sentry x3  
  62  11:34  Sentry  
  70  11:59  Zealot x3  
  70  12:00  Zealot x2  
Show
View Real Time Build Order
Export as new Build Order

monkeylard Zerg - Winner!

Build Orders: Hatch First 

Get SALT Encoding   

  12  0:02  Drone  
  13  0:12  Overlord  
  13  0:17  Drone  
  14  0:31  Drone x2  
  17  0:35  Drone  
  17  0:45  Drone  
  18  0:57  Hatchery  
  17  1:11  Spawning Pool  
  17  1:17  Drone x2  
  18  1:25  Drone  
  19  1:28  Overlord  
  19  1:35  Extractor  
  18  1:42  Drone  
  19  1:49  Drone  
  20  1:58  Queen  
  22  2:03  Zergling x2  
  23  2:09  Queen  
  23  2:10  Zergling x2  
  26  2:16  Extractor  
  26  2:22  Roach Warren, Drone x2  
  26  2:27  Drone  
  27  2:31  Drone  
  28  2:42  Metabolic Boost  
  28  2:47  Drone x3  
  31  2:52  Drone  
  31  2:55  Drone  
  33  3:09  Drone  
  33  3:10  Drone  
  35  3:17  Zergling x2  
  35  3:20  Overlord  
  33  3:39  Roach x5  
  33  3:41  Overlord  
  43  3:43  Drone  
  43  3:46  Extractor  
  43  3:52  Lair  
  43  3:56  Overlord  
  43  4:01  Roach x2  
  47  4:04  Drone x2  
  47  4:06  Drone  
  50  4:16  Drone x3  
  53  4:27  Drone x4  
  57  4:33  Overlord  
  57  4:36  Extractor  
  56  4:43  Drone x3  
  59  4:45  Overlord  
  59  4:51  Drone  
  60  4:52  Glial Reconstitution  
  60  5:01  Roach  
  60  5:02  Roach x3  
  67  5:10  Zergling x8  
  64  5:23  Roach  
  64  5:24  Roach x3  
  70  5:31  Drone x2  
  72  5:36  Drone  
  72  5:42  Drone  
  74  5:47  Overlord  
  74  5:48  Drone  
  73  6:07  Drone x3  
  73  6:08  Drone x3  
  80  6:11  Ravager x4  
  80  6:15  Overlord  
  83  6:18  Overseer  
  83  6:19  Overseer  
  83  6:37  Roach x3  
  83  6:38  Roach  
  90  6:43  Zergling x2  
  90  6:44  Zergling x6  
  92  6:48  Overlord  
  70  7:09  Zergling x2  
  70  7:10  Zergling x8  
  75  7:16  Spine Crawler  
  75  7:19  Spine Crawler  
  75  7:21  Zergling x4  
  72  7:34  Roach x2  
  75  7:40  Evolution Chamber  
  75  7:44  Zergling x14  
  77  7:50  Ravager x5  
  86  7:53  Zergling x2  
  87  8:07  Zergling x6  
  87  8:08  Hatchery  
  87  8:11  Zerg Ground Armor Level 1  
  85  8:36  Roach  
  85  8:37  Roach x6  
  98  8:47  Roach x2  
  93  8:56  Roach x3  
  99  9:03  Overlord, Roach  
  99  9:08  Zergling x2  
  99  9:23  Queen  
  101  9:28  Overlord, Drone  
  101  9:29  Drone  
  101  9:30  Drone x2  
  105  9:32  Drone  
  105  9:36  Overlord  
  86  9:52  Zergling x2  
  86  9:53  Zergling x16  
  91  10:06  Zergling x6  
  86  10:26  Drone x2  
  86  10:27  Drone  
  89  10:31  Roach x3  
  86  10:49  Zergling x4  
  77  10:50  Zergling x4  
  77  10:56  Zergling x8  
  79  11:03  Zergling x6  
  79  11:04  Zergling x8  
  86  11:13  Extractor  
  86  11:18  Roach x3  
  91  11:20  Roach  
  93  11:34  Zergling x6  
Tags
 
Add a new tag
Caveats
  • Supply blocks, unpowered buildings, or Contaminate may cause inaccurate times.
  • Supply counts are checked every 10 seconds.